 Dungeon Crawl Stone Soup version 0.31-a0-234-gad7ace16ef (webtiles) character file.

Game seed: 8340654812431791906

245 qw the Shooter (level 5, -4/45 HPs)
             Began as a Minotaur Hexslinger on July 9, 2023.
             Slain by an ogre
             ... wielding a +0 giant spiked club
              (13 damage)
             ... on level 3 of the Dungeon.
             The game lasted 00:00:58 (2550 turns).

qw the Shooter (Minotaur Hexslinger)                Turns: 2550, Time: 00:00:59

Health: -4/45      AC:  7    Str: 12    XL:     5   Next: 84%
Magic:  0/5        EV: 12    Int: 10    God:
Gold:   139        SH:  0    Dex: 15    Spells: 5/6 levels left

rFire   . . .        Y - +3 sling
rCold   . . .        (no shield)
rNeg    + . .        e - +2 leather armour {rN+}
rPois   +            (helmet restricted)
rElec   .            f - +0 cloak
rCorr   .            j - +0 pair of gloves
SInv    .            (no boots)
Will    .....        i - amulet of guardian spirit
Stlth   +            g - ring of poison resistance
HPRegen 0.27/turn    (no ring)
MPRegen 0.09/turn

%: guardian spirit
@: no status effects
A: horns 2, retaliatory headbutt
a: no special abilities


You were on level 3 of the Dungeon.
You visited 1 branch of the dungeon, and saw 4 of its levels.

You collected 139 gold pieces.


Innate Abilities, Weirdness & Mutations

You have a pair of horns on your head.
You reflexively headbutt those who attack you in melee.


   Skills:
 + Level 3.1 Fighting
 - Level 6.1 Ranged Weapons
 - Level 1.1 Armour
 - Level 2.1 Dodging
 - Level 1.0 Spellcasting
 - Level 2.0 Hexes


You had 5 spell levels left.
You knew the following spells:

 Your Spells              Type           Power      Damage    Failure   Level
a - Slow                  Hex            16%        N/A       19%         1

Your spell library contained the following spells:

 Spells                   Type           Power      Damage    Failure   Level
 Inner Flame              Hex/Fire       2%         N/A       65%         3
 Portal Projectile        Hex/Tloc       4%         N/A       65%         3
 Cause Fear               Hex            2%         N/A       88%         4

Inventory:

Hand Weapons
 Y - a +3 sling (weapon)
Armour
 e - a +2 leather armour of positive energy (worn)
 f - a +0 cloak (worn)
 j - a +0 pair of gloves (worn)
Jewellery
 g - a ring of poison resistance (left hand)
 i - an amulet of guardian spirit (around neck)
Scrolls
 b - a scroll of identify
Potions
 a - a potion of mutation {unknown}
 c - a potion of enlightenment {unknown}
 d - 2 potions of curing
 h - a potion of brilliance {unknown}

Dungeon Overview and Level Annotations

Branches:
Dungeon (4/15)
 Temple: D:4-7

Altars:
Makhleb
The Shining One


Message History

The ogre is moderately wounded.
You shoot a sling bullet. The sling bullet hits the ogre!
The ogre is severely wounded.
The ogre barely misses you.
You shoot a sling bullet. The sling bullet hits the ogre.
The ogre is severely wounded.
The ogre barely misses you.
You shoot a sling bullet. The sling bullet hits the ogre!
You kill the ogre!
Your Ranged Weapons skill increases to level 6!
You start resting.
Magic restored.
You start resting.
HP restored.
Done exploring.
(D) Dungeon
Where to? (* - list waypoints, Enter - D:4, ? - help)
What level of the Dungeon? (default 1, ? - help)
You climb downwards.
The ogre hits you with a +0 giant spiked club!
There is a stone staircase leading up, spattered with blood here.
2544 ||| STAIRDANCE The ogre hits you with a +0 giant spiked club!!
You climb upwards.
There is a stone staircase leading down here.
You shoot a sling bullet. The sling bullet hits the ogre.
The ogre is lightly wounded.
The ogre completely misses you.
You shoot a sling bullet. The sling bullet hits the ogre.
The ogre is lightly wounded.
You shoot a sling bullet. The sling bullet hits the ogre.
The ogre is moderately wounded.
The ogre hits you with a +0 giant spiked club!
You shoot a sling bullet.
The sling bullet barely misses the ogre.
The ogre misses you.
You shoot a sling bullet. The sling bullet hits the ogre.
The ogre is moderately wounded.
The ogre hits you with a +0 giant spiked club!
You die...

# ###.........#..# #...# # #####
###..........####...### ## ....#
#.#.....##.##.......###. ###.#
#..........##.......%... # #.#
#####...#####.......###. # #.####
#...# ###...>## ## # #....#####
#...# #....# # ###.......# #.).#
#######.#####
#.......#.###..@####...........#
#...#...........O.......##.#####
######...................##.## #
.....#..................##...####
.._..#...[.#.......##.#####.###..
.....#...#.#.#...#.##.......# #7.
}#.#}#..##.#.#...#.########.# #..
##.#######.#.#...#.# #.# #7.
#.#.#####.#.#...#.# ####.#####


You could see an ogre.

Vanquished Creatures
  An ogre (D:3)
  4 gnolls (D:4)
  5 adders
  A worm (D:3)
  4 dart slugs
  4 orcs (D:3)
  3 endoplasms
  A giant cockroach (D:1)
  4 hobgoblins
  4 jackals (D:3)
  3 quokkas
  10 ball pythons
  3 bats
  2 frilled lizards
  10 goblins
  5 kobolds
  5 rats
69 creatures vanquished.

Notes
Turn   | Place    | Note
-------+----------+-------------------------------------------
     0 | D:1      | qw the Minotaur Hexslinger began the quest for the Orb.
     0 | D:1      | Reached XP level 1. HP: 16/16 MP: 1/1
     0 | D:1      | 0 ||| qw: Version: 0.3-a-51-g015441d
     0 | D:1      | 0 ||| qw: Game counter: 4349
     0 | D:1      | 0 ||| qw: Melee chars always use a shield: true
     0 | D:1      | 0 ||| qw: God list: Okawaru
     0 | D:1      | 0 ||| qw: Allow faded altars: false
     0 | D:1      | 0 ||| qw: Do Orc after clearing Dungeon:15 true
     0 | D:1      | 0 ||| qw: Do second Lair branch before Depths: true
     0 | D:1      | 0 ||| qw: Lair rune preference: random
     0 | D:1      | 0 ||| qw: Goals: Normal
     0 | D:1      | 0 ||| PLANNING D:1-11
    69 | D:1      | Reached skill level 3 in Ranged Weapons
    69 | D:1      | Reached XP level 2. HP: 23/23 MP: 2/2
   601 | D:1      | 601 ||| UPGRADING to +0 cloak.
   606 | D:1      | 606 ||| READING scroll labelled FYAZANUYVA.
   610 | D:1      | 610 ||| READING scroll labelled REN GEKY CAN.
   611 | D:1      | 611 ||| DROPPING scroll of poison.
   674 | D:2      | Reached XP level 3. HP: 29/29 MP: 3/3
  1138 | D:2      | Reached skill level 4 in Ranged Weapons
  1309 | D:2      | 1309 ||| UPGRADING to +0 ring mail.
  1319 | D:2      | 1319 ||| DROPPING +0 robe.
  1320 | D:2      | 1320 ||| UPGRADING to amulet of guardian spirit.
  1325 | D:2      | 1325 ||| READING 3 scrolls labelled TOACSE XAXOQ.
  1326 | D:2      | 1326 ||| READING 2 scrolls labelled ZELATW UXTO.
  1327 | D:2      | 1327 ||| READING scroll of enchant weapon.
  1327 | D:2      | 1327 ||| ENCHANTING +2 sling.
  1328 | D:2      | 1328 ||| DRINKING 2 red potions.
  1329 | D:2      | 1329 ||| DROPPING 2 scrolls of fog.
  1363 | D:3      | Reached skill level 1 in Armour
  1497 | D:3      | Reached XP level 4. HP: 36/36 MP: 4/4
  1628 | D:3      | Found a glowing golden altar of the Shining One.
  1902 | D:3      | HP: 8/36 [poisoned by an adder]
  1903 | D:3      | 1903 ||| READING scroll of teleportation.
  2080 | D:3      | Found a burning altar of Makhleb.
  2314 | D:3      | 2314 ||| UPGRADING to +2 leather armour of positive energy.
  2324 | D:3      | 2324 ||| DROPPING +0 ring mail.
  2325 | D:3      | 2325 ||| READING scroll labelled BUINOTE RINKENK.
  2326 | D:3      | 2326 ||| READING scroll labelled MYUDGH QEPRONUI.
  2326 | D:3      | Identified a scroll of acquirement
  2326 | D:3      | 2326 ||| ACQUIRING ring of poison resistance
  2326 | D:3      | Acquired a ring of poison resistance
  2328 | D:3      | 2328 ||| UPGRADING to ring of poison resistance.
  2374 | D:4      | Reached skill level 5 in Ranged Weapons
  2389 | D:4      | Reached XP level 5. HP: 40/44 MP: 5/5
  2392 | D:4      | Noticed an ogre
  2395 | D:4      | Reached skill level 3 in Fighting
  2397 | D:4      | 2397 ||| FLEEEEING.
  2398 | D:4      | 2398 ||| FLEEEEING.
  2399 | D:4      | 2399 ||| FLEEEEING.
  2400 | D:4      | 2400 ||| FLEEEEING.
  2401 | D:4      | 2401 ||| FLEEEEING.
  2402 | D:4      | 2402 ||| FLEEEEING.
  2402 | D:4      | Noticed an ogre
  2403 | D:4      | 2403 ||| FLEEEEING.
  2404 | D:4      | 2404 ||| STAIRDANCE
  2451 | D:3      | 2451 ||| UPGRADING to +0 pair of gloves.
  2458 | D:4      | 2458 ||| STAIRDANCE
  2463 | D:3      | Killed an ogre
  2464 | D:3      | Reached skill level 6 in Ranged Weapons
  2544 | D:4      | 2544 ||| STAIRDANCE
  2548 | D:3      | HP: 8/45 [ogre/+0 giant spiked club (8)]
  2550 | D:3      | Slain by an ogre

Levels and vault maps discovered:
D:1:      dpeg_arrival_rooms_c, layout_loops_ring, hangedman_decor_slide_cut
D:2:      layout_basic, hangedman_decor_lopped
D:3:      layout_loops_cross, tso_altar, mainiacjoe_overflow_alcove_2
D:4:      layout_basic, dk_yredelemnul_ordeal

Skill      XL: |  1  2  3  4  5 |
---------------+----------------+-----
Ranged Weapons | 3 4 5 6 |  6.1
Fighting       | 2 3 |  3.1
Armour         | 1 |  1.1
Dodging        | |  2.1
Spellcasting   | |  1.0
Hexes          | |  2.0

Action                     |  1- 3 |  4- 6 || total
---------------------------+-------+-------++-------
   Fire: Sling             |   112 |    93 ||   205
    Use: Scroll            |     5 |     3 ||     8
         Potion            |     1 |       ||     1
 Armour: Robe              |     4 |       ||     4
         Ring mail         |     3 |    21 ||    24
         Leather armour    |       |     3 ||     3
  Dodge: Dodged            |    30 |    26 ||    56

Table legend:
 A = Non-vault XP
 B = Vault XP
 C = Vault XP percentage of total XP
 D = Non-vault monster count
 E = Vault monster count
 F = Vault count percentage of total count
                 A         B        C        D         E       F
            +---------+---------+-------+---------+---------+-------
      Total |     351 |       0 |   0.0 |      69 |       0 |   0.0
            +---------+---------+-------+---------+---------+-------
        D:1 |      38 |       0 |   0.0 |      21 |       0 |   0.0
        D:2 |      38 |       0 |   0.0 |      16 |       0 |   0.0
        D:3 |     193 |       0 |   0.0 |      26 |       0 |   0.0
        D:4 |      82 |       0 |   0.0 |       6 |       0 |   0.0
            +---------+---------+-------+---------+---------+-------
